AoeStats
← Kuriboh

Black Forest

510468676Analyzed
4v4 RM · 3d ago on Oct 1, 2026· 58m 15s· 8 players
Game mode
Random Map
Map size
Large (8 player)
Population
200
Speed
Normal
Resources
Standard
Victory
Conquest
Starting age
Dark Age
Ending age
Imperial Age
RankedLock teamsTeams togetherTeam positionsShared explorationLock speedFull tech treeHidden civsTurbo modeCheats
Victory
Defeat
🇦🇹 Burgundians · Austria
1195
+14
🇲🇽 Persians · Mexico
1130
+17
🇭🇺 Bohemians · Hungary
1089
+18
🇨🇴 Khmer · Colombia
1055
+19
🇲🇽 Persians · Mexico
1169
-18
1159
-18
🇲🇽 Celts · Mexico
1123
-16
🇲🇽 Romans · Mexico
1110
-16
Kuriboh
0:27 Loom
14:01 Feudal Age
17:07 Double-Bit Axe
19:47 Castle Age
21:48 Bow Saw
22:08 Horse Collar
24:15 Wheelbarrow
36:26 Imperial Age
34:50 Fortified Wall
34:52 Masonry
36:35 Husbandry
36:46 Bloodlines
39:55 Ballistas
40:12 Conscription
41:13 Gold Mining
41:14 Stone Mining
43:47 Heavy Scorpion
46:24 Chemistry
47:25 Ballistics
51:17 Siege Engineers
Picador Criminal Mutilador
0:26 Loom
14:46 Feudal Age
18:55 Castle Age
17:21 Double-Bit Axe
19:20 Fletching
21:53 Bodkin Arrow
30:09 Bow Saw
30:59 Wheelbarrow
30:10 Town Watch
30:44 Gold Mining
30:44 Stone Mining
30:41 Horse Collar
35:17 Imperial Age
33:05 Hand Cart
35:02 Gold Shaft Mining
35:02 Stone Shaft Mining
35:58 Forging
35:48 Scale Mail Armor
37:11 Chemistry
36:13 Double Crossbow
36:34 Conscription
37:33 Fortified Wall
37:33 Masonry
38:06 Town Patrol
38:19 Bracer
38:38 Siege Engineers
38:56 Heavy Scorpion
40:01 Ballistics
40:11 Architecture
39:36 Murder Holes
41:11 Caravan
41:41 Coinage
41:58 Heavy Plow
45:07 Hoardings
44:34 Tusk Swords
Black Mamba
11:31 Feudal Age
19:04 Castle Age
17:25 Double-Bit Axe
17:24 Horse Collar
20:41 Bow Saw
21:35 Wheelbarrow
21:58 Loom
26:17 Fishing Lines
30:16 Imperial Age
27:49 Gillnets
28:09 Horse Collar
28:48 Town Watch
29:31 Horse Collar
30:51 Scale Barding Armor
31:54 Forging
32:51 Chain Barding Armor
34:01 Elite War Elephant
36:33 Conscription
37:18 Heavy Plow
38:24 Two-Man Saw
40:53 Iron Casting
41:18 Crop Rotation
43:24 Plate Barding Armor
45:19 Hand Cart
Pinhead Larry
0:26 Loom
12:50 Feudal Age
14:30 Fishing Lines
17:58 Castle Age
16:11 Double-Bit Axe
17:30 Stone Mining
18:57 Gold Mining
19:50 Gambesons
19:51 Arson
19:27 Pikeman
21:23 Fervor
24:38 Wheelbarrow
23:48 Town Watch
31:19 Imperial Age
29:31 Forging
29:21 Scale Mail Armor
29:28 Fletching
30:17 Scale Mail Armor
30:52 Iron Casting
30:47 Bodkin Arrow
31:18 Ballistics
32:17 Murder Holes
33:25 Chemistry
34:15 Iron Casting
33:55 Chain Mail Armor
34:42 Chain Mail Armor
34:43 Town Watch
35:13 Hand Cart
36:03 Fortified Wall
36:05 Masonry
36:39 Bow Saw
37:54 Plate Mail Armor
38:24 Blast Furnace
39:18 Horse Collar
39:57 Halberdier
47:21 Town Patrol
48:31 Siege Engineers
52:29 Capped Ram
53:52 Furor Celtica
54:04 Conscription
53:35 Stronghold
57:46 Padded Archer Armor
Earl Hickey
11:48 Feudal Age
13:26 Loom
16:15 Castle Age
14:26 Double-Bit Axe
14:23 Horse Collar
16:22 Gold Mining
19:59 Loom
23:34 Stone Mining
23:46 Heavy Plow
24:09 Bow Saw
26:55 Wheelbarrow
31:41 Imperial Age
29:42 Scale Barding Armor
29:47 Forging
29:52 Bloodlines
29:48 Husbandry
29:46 Town Watch
30:58 Chain Barding Armor
30:53 Fletching
31:46 Gold Shaft Mining
31:33 Hand Cart
33:21 Plate Barding Armor
33:22 Iron Casting
32:11 Cavalier
34:12 Stone Shaft Mining
34:12 Elite War Elephant
35:48 Conscription
36:49 Two-Man Saw
36:22 Crop Rotation
38:25 Bodkin Arrow
39:33 Blast Furnace
38:29 Bodkin Arrow
40:08 Padded Archer Armor
40:37 Ballistics
41:19 Chemistry
42:07 Leather Archer Armor
49:39 Caravan
laughingman
0:34 Loom
12:45 Feudal Age
13:28 Double-Bit Axe
18:35 Castle Age
16:22 Horse Collar
16:46 Fishing Lines
21:32 Forging
21:33 Heavy Plow
23:13 Town Watch
24:04 Bow Saw
25:07 Gillnets
25:33 Fletching
26:49 Bodkin Arrow
27:19 Ballistics
29:01 Chemistry
30:49 Imperial Age
28:59 Scale Mail Armor
29:45 Wheelbarrow
29:01 Pikeman
30:16 Squires
30:34 Chain Mail Armor
31:12 Fortified Wall
31:21 Forging
31:12 Padded Archer Armor
32:48 Two-Man Saw
32:24 Masonry
32:21 Halberdier
32:59 Elite Skirmisher
34:54 Leather Archer Armor
36:23 Houfnice
38:18 Plate Mail Armor
38:21 Bracer
40:29 Siege Engineers
43:07 Iron Casting
43:02 Ring Archer Armor
50:30 Blast Furnace
49:59 Hand Cart
Lord_Tarritou
5:26 Loom
13:19 Feudal Age
16:34 Castle Age
14:22 Double-Bit Axe
15:20 Horse Collar
17:30 Bow Saw
17:21 Heavy Plow
18:59 Wheelbarrow
25:00 Stone Mining
29:18 Hand Cart
28:48 Town Watch
29:27 Gold Mining
30:12 Stone Shaft Mining
34:25 Imperial Age
32:05 Town Patrol
32:47 Gold Shaft Mining
32:44 Bloodlines
32:34 Husbandry
32:36 Tusk Swords
33:39 Forging
33:34 Scale Barding Armor
33:19 Fletching
33:52 Ballistics
33:28 Murder Holes
33:44 Masonry
35:50 Crop Rotation
34:43 Elite Ballista Elephant
35:23 Double Crossbow
36:28 Iron Casting
36:14 Chain Barding Armor
36:31 Bodkin Arrow
35:59 Light Cavalry
37:45 Chemistry
36:50 Siege Engineers
37:17 Architecture
36:52 Caravan
38:53 Blast Furnace
38:43 Hussar
39:25 Double Crossbow
39:47 Conscription
40:17 Hoardings
41:13 Plate Barding Armor
40:39 Bracer
42:16 Bracer
45:49 Scale Mail Armor
45:49 Padded Archer Armor
45:51 Devotion
54:04 Chain Mail Armor
54:04 Leather Archer Armor
53:25 Sappers
54:13 Fortified Wall
53:54 Guard Tower
53:55 Heated Shot
54:38 Coinage
GenuineWig3729
2:30 Loom
7:27 Double-Bit Axe
13:10 Feudal Age
17:19 Castle Age
17:25 Bow Saw
18:47 Wheelbarrow
21:53 Stone Mining
21:53 Gold Mining
31:02 Imperial Age
30:25 Gold Shaft Mining
31:16 Hand Cart
32:17 Fletching
32:33 Scale Barding Armor
32:28 Scale Mail Armor
32:39 Forging
32:29 Cavalier
33:10 Husbandry
37:10 Chemistry
41:28 Chain Barding Armor
50:18 Caravan
53:42 Paladin
54:50 Flemish Revolution
56:05 Town Watch
Connection lost

Rejoining the realm…

Still unreachable

The connection could not be restored.

Session expired

The server has moved on; the page needs a fresh start.